 Dungeon Crawl Stone Soup version 0.26.0-16-gc1dbca0489 (webtiles) character file.

Game seed: 11356213050909382410

1868 112233 the Grappler (level 9, -1/63 HPs)
             Began as an Octopode Fighter on Jan 18, 2021.
             Slain by an orc warrior
             ... wielding a +0 flail
              (21 damage)
             ... on level 7 of the Dungeon.
             The game lasted 00:06:24 (7906 turns).

112233 the Grappler (Octopode Fighter)              Turns: 7906, Time: 00:06:24

Health: -1/63      AC:  2    Str: 17    XL:     9   Next: 13%
Magic:  9/9        EV: 14    Int: 10    God:
Gold:   469        SH:  9    Dex: 13    Spells: 8/8 levels left

rFire    . . .     SeeInvis .     - Unarmed
rCold    + . .     Faith    .   a - +0 kite shield
rNeg     . . .     Spirit   .   h - +1 hat
rPois    +         Reflect  .   f - amulet of the acrobat
rElec    .         Harm     .   p - ring of protection from cold
rCorr    .         Rampage  .   r - ring of poison resistance
Will     .....                  (no ring)
Stlth    ++........             (no ring)
HPRegen  0.20/turn              (no ring)
MPRegen  0.11/turn              (no ring)
                                (no ring)
                                (no ring)

@: no status effects
A: almost no armour, stealthy swim, amphibious, 8 rings, constrict 8, camouflage
1, gelatinous body 1
a: no special abilities


You were on level 7 of the Dungeon.
You visited 1 branch of the dungeon, and saw 7 of its levels.

You collected 469 gold pieces.

Inventory:

Missiles
 i - 3 atropa-tipped darts (quivered)
 s - 8 silver boomerangs
 t - 2 javelins
Armour
 a - a +0 kite shield (worn)
 h - a +1 hat (worn)
Jewellery
 f - an amulet of the acrobat (around mantle)
 p - a ring of protection from cold (left tentacle)
 r - a ring of poison resistance (right tentacle)
 u - an uncursed ring of magical power
 z - an uncursed amulet of regeneration {unknown}
Scrolls
 d - 5 scrolls of teleportation {unknown}
 g - 3 scrolls of enchant armour {unknown}
 l - 10 scrolls of identify {unknown}
 m - a scroll of immolation {unknown}
 n - 3 scrolls of remove curse {unknown}
 y - a scroll of magic mapping {unknown}
Potions
 b - a potion of lignification {unknown}
 c - 2 potions of ambrosia
 e - a potion of resistance {unknown}
 j - 3 potions of heal wounds
 k - 4 potions of haste {unknown}
 o - a potion of invisibility {unknown}
 q - a potion of attraction {unknown}
 v - a potion of magic {unknown}
 w - a potion of curing {@q1}
 x - a potion of brilliance {unknown}


   Skills:
 + Level 6.3 Fighting
 + Level 6.3 Dodging
 + Level 4.0 Shields
 * Level 8.2 Unarmed Combat


You had 8 spell levels left.
You didn't know any spells.
Your spell library was empty.

Dungeon Overview and Level Annotations

Branches:
Dungeon (7/15)
 Temple: D:4-7

Altars:
Ashenzari
Hepliaklqana
Makhleb
Trog
Xom

Shops:
D:6 (   D:7 (


Innate Abilities, Weirdness & Mutations

You cannot wear most types of armour.
You are very stealthy in the water. (Stealth+)
You are amphibious.
You can wear up to eight rings at the same time.
You can use your tentacles to constrict eight enemies at once.
Your skin changes colour to match your surroundings (Stealth+).
Your rubbery body absorbs attacks. (AC +1, EV +1)


Message History

The orc warrior struggles to escape constriction.
You tentacle-slap the orc warrior but do no damage.
You constrict the orc warrior.
The orc warrior hits you with a +0 flail.
You bludgeon the orc warrior! You squeeze the orc warrior.
You constrict the orc warrior, but do no damage.
The orc warrior escapes!
You closely miss the orc warrior. Your grab misses the orc warrior.
Your squeeze misses the orc warrior.
The orc wizard mumbles some strange words.
The orc wizard blinks!
The orc warrior hits you with a +0 flail!
The orc priest looks encouraged for a moment.
You bludgeon the orc priest! Your grab misses the orc priest.
You squeeze the orc priest.
The orc priest hits you with a +0 short sword.
The orc priest calls upon Beogh to heal the orc priest.
The orc priest is healed somewhat.
The orc warrior hits you with a +0 flail!!
You die...

######### ........# ........#
.......o########
#...........oo#......#
#.............#......#
##............o#......+
.#.............#@.....####
.............o§oo.........
...........o...#.........
...............#......## .
...............#......#####.#
...............###......)...
..###'###+###### #.#.....#
#.# #.###.########..∩..#.#
#.###.......†............#


You could see an orc warrior, 2 orc priests and an orc wizard (fast).

Vanquished Creatures
  Grinder (D:4)
  Sigmund (D:4)
  Menkaure (D:5)
  Edmund (D:5)
  2 centaurs
  5 bullfrogs
  A scorpion (D:5)
  A howler monkey (D:4)
  2 bullfrog zombies
  A centaur zombie (D:5)
  4 hounds
  An orc priest (D:6)
  An iguana (D:5)
  3 orc wizards (D:4)
  Natasha (thrice) (D:3)
  2 worker ants
  A killer bee zombie (D:5)
  A hound skeleton (D:5)
  Robin (D:4)
  A howler monkey zombie (D:7)
  7 adders
  A howler monkey skeleton (D:4)
  A shadow imp (D:5)
  An ufetubus (D:5)
  An ooze (D:6)
  An adder skeleton (D:7)
  3 worms
  2 dart slugs
  2 leopard geckos
  9 orcs
  6 giant cockroaches
  14 goblins
  10 hobgoblins
  10 jackals
  6 kobolds
  A quokka (D:6)
  8 bats
  4 frilled lizards
  A leopard gecko skeleton (D:4)
  A quokka skeleton (D:4)
  6 rats
129 creatures vanquished.

Vanquished Creatures (others)
  9 plants
9 creatures vanquished.

Grand Total: 138 creatures vanquished

Notes
Turn   | Place    | Note
-------+----------+-------------------------------------------
     0 | D:1      | 112233 the Octopode Fighter began the quest for the Orb.
     0 | D:1      | Reached XP level 1. HP: 16/16 MP: 1/1
   643 | D:1      | Reached XP level 2. HP: 21/21 MP: 2/2
  1353 | D:2      | Reached XP level 3. HP: 25/26 MP: 3/3
  1689 | D:2      | Found a shimmering altar of Xom.
  1870 | D:2      | Noticed a bullfrog
  1876 | D:2      | Killed a bullfrog
  1877 | D:2      | Reached skill level 3 in Unarmed Combat
  1877 | D:2      | Reached XP level 4. HP: 18/33 MP: 4/4
  2150 | D:2      | Found a bloodstained altar of Trog.
  2502 | D:3      | Reached XP level 5. HP: 34/37 MP: 5/5
  2754 | D:3      | Found a shimmering altar of Xom.
  2755 | D:3      | Found a shimmering altar of Xom.
  2755 | D:3      | Found a shimmering altar of Xom.
  2755 | D:3      | Found a shimmering altar of Xom.
  2755 | D:3      | Found a shimmering altar of Xom.
  2901 | D:3      | Noticed Natasha
  2909 | D:3      | Killed Natasha
  2910 | D:3      | Reached skill level 4 in Unarmed Combat
  3494 | D:3      | Noticed Natasha
  3507 | D:3      | Killed Natasha
  3777 | D:3      | Noticed Natasha
  3786 | D:3      | Killed Natasha
  3787 | D:3      | Reached XP level 6. HP: 29/43 MP: 6/6
  3921 | D:3      | Found a hazy altar of Hepliaklqana.
  4227 | D:4      | Noticed Robin
  4267 | D:4      | Noticed Sigmund
  4417 | D:4      | Reached skill level 5 in Unarmed Combat
  4654 | D:4      | Noticed Grinder
  4661 | D:4      | Paralysed by Grinder for 6 turns
  4668 | D:4      | Killed Grinder
  4669 | D:4      | Reached XP level 7. HP: 43/49 MP: 7/7
  4872 | D:4      | Killed Robin
  5286 | D:4      | Killed Sigmund
  5287 | D:4      | Reached skill level 5 in Fighting
  5287 | D:4      | Reached skill level 5 in Dodging
  5287 | D:4      | Reached skill level 6 in Unarmed Combat
  5436 | D:5      | Entered Level 5 of the Dungeon
  5749 | D:5      | Noticed Menkaure
  5760 | D:5      | Reached XP level 8. HP: 28/55 MP: 8/8
  5761 | D:5      | Killed Menkaure
  5935 | D:5      | Noticed Edmund
  6088 | D:6      | Reached skill level 7 in Unarmed Combat
  6507 | D:5      | Found a burning altar of Makhleb.
  6533 | D:5      | Killed Edmund
  7170 | D:6      | Found Hossidda's Antique Weapon Shop.
  7275 | D:6      | Found a broken altar of Ashenzari.
  7556 | D:7      | Reached skill level 8 in Unarmed Combat
  7556 | D:7      | Reached XP level 9. HP: 62/62 MP: 9/9
  7808 | D:7      | Found Hono's Weapon Shop.
  7906 | D:7      | Slain by an orc warrior

Illustrated notes

Levels and vault maps discovered:
D:1:      lemuel_arrival_muddy, layout_loops_ring, serial_forest,
          infiniplex_forest_side_room, infiniplex_forest_end_double,
          infiniplex_forest_split, infiniplex_forest_clump_small,
          infiniplex_forest_diagonal, infiniplex_forest_clump_curved,
          infiniplex_forest_clump_small, infiniplex_forest_clump_curved,
          infiniplex_forest_diagonal
D:2:      layout_loops_ring, grunt_temple_overflow_open, serial_forest,
          infiniplex_forest_lined_room_2, infiniplex_forest_straight_2,
          infiniplex_forest_end_1, infiniplex_forest_zigzag_1,
          infiniplex_forest_clump_curved, infiniplex_forest_clump_diagonal,
          infiniplex_forest_clump_long, infiniplex_forest_corner_1,
          infiniplex_forest_clump_long, infiniplex_forest_clump_small,
          lemuel_old_faithful
D:3:      layout_loops_ring, nzn_hepliaklqana_mist_gate, xom_redecorated,
          uniq_natasha
D:4:      layout_gridville, uniq_grinder, uniq_sigmund, uniq_robin
D:5:      layout_cave_pools, nicolae_overflow_crystal_walls, uniq_menkaure,
          uniq_edmund
D:6:      layout_loops_ring, serial_shops, nicolae_shop_stone,
          chequers_serial_rivers_small_b, minivault_22, evilmike_ruin_ashenzari
D:7:      layout_basic, cheibrodos_worm_habitat, minmay_temple_entry_arrows,
          serial_shops, shop, uniq_harold

Skill      XL: |  1  2  3  4  5  6  7  8  9 |
---------------+----------------------------+-----
Unarmed Combat | 3 4 5 6 8 |  8.2
Fighting       | 4 5 6 |  6.3
Dodging        | 4 5 6 |  6.3
Shields        | 4 |  4.0

Action                   |  1- 3 |  4- 6 |  7- 9 || total
-------------------------+-------+-------+-------++-------
Melee: Unarmed           |   107 |   119 |   159 ||   385
       Tentacles         |    32 |    26 |    41 ||    99
       Constrict         |    26 |    26 |    40 ||    92
       Punch             |     2 |     3 |    15 ||    20
  Use: Potion            |       |     2 |     2 ||     4
 Stab: Sleeping          |     8 |     5 |     9 ||    22
       Distracted        |       |     1 |       ||     1
Armor: Skin              |     6 |     9 |     5 ||    20
Dodge: Dodged            |    16 |    40 |    62 ||   118
Block: Kite shield       |    14 |    25 |    55 ||    94
